 Dungeon Crawl Stone Soup version 0.30.0-15-g856e2d3f33 (webtiles) character file.

Game seed: 16297594301125811129

1368 Daunt the Skirmisher (level 8, -1/93 HPs)
             Began as a Demigod Enchanter on May 19, 2023.
             Slain by Pikel
             ... wielding a +1 whip of flaming
              (2 damage)
             ... on level 5 of the Dungeon.
             The game lasted 00:17:38 (5742 turns).

Daunt the Skirmisher (Demigod Enchanter)            Turns: 5742, Time: 00:17:39

Health: -1/93      AC: 24    Str:  9    XL:     8   Next: 15%
Magic:  0/13       EV:  2    Int: 17    God:
Gold:   67         SH:  0    Dex: 22    Spells: 8/10 levels left

rFire   . . .        a - +3 quarterstaff (chaos)
rCold   . . .        (shield currently unavailable)
rNeg    . . .        K - melded +3 ring mail {Will+}
rPois   +            z - melded +0 helmet
rElec   .            A - melded +1 cloak {rCorr}
rCorr   +            s - melded +0 pair of gloves
SInv    .            H - melded +1 pair of boots {rampage}
Will    .....        G - amulet of guardian spirit
Stlth   +++          J - ring of resist corrosion
HPRegen 0.35/turn    (no ring)
MPRegen 0.13/turn

%: guardian spirit
@: tree-form
A: stationary, stasis, torment immunity, boosted hp, high MP 1, forlorn, divine
attributes
a: no special abilities


You were on level 5 of the Dungeon.
You were a tree.
You visited 1 branch of the dungeon, and saw 6 of its levels.

You collected 289 gold pieces.
You spent 222 gold pieces at shops.

Inventory:

Hand Weapons
 a - a +3 quarterstaff of chaos (weapon)
 b - a +0 sling
 c - a +1 dagger
 j - a +0 rapier
 y - a +4 club
 B - a +0 short sword of flaming
Missiles
 i - 51 stones (quivered)
 w - 11 poisoned darts
Armour
 s - a +0 pair of gloves (melded)
 z - a +0 helmet (melded)
 A - a +1 cloak of preservation (melded)
 H - a +1 pair of boots of rampaging (melded)
 K - a +3 ring mail of willpower (melded)
Jewellery
 G - an amulet of guardian spirit (around neck)
 J - a ring of resist corrosion (left branch)
Wands
 D - a wand of flame (6)
Scrolls
 d - 2 scrolls of poison {unknown}
 e - 2 scrolls of torment {unknown}
 f - a scroll of enchant weapon {unknown}
 g - 2 scrolls of fear {unknown}
 k - a scroll of summoning {unknown}
 o - 8 scrolls of identify {unknown}
 p - 3 scrolls of immolation {unknown}
 q - 2 scrolls of amnesia {unknown}
 u - a scroll of vulnerability {unknown}
 x - a scroll of noise {unknown}
 E - 4 scrolls of teleportation
 F - a scroll of acquirement {unknown}
Potions
 l - 4 potions of attraction {unknown}
 m - 2 potions of brilliance {unknown}
 n - a potion of resistance {unknown}
 r - a potion of magic {unknown}
 t - a potion of heal wounds {unknown}
 v - a potion of degeneration {unknown}
 C - 2 potions of curing {unknown}
 I - 2 potions of haste {unknown}
 L - 2 potions of mutation {unknown}


   Skills:
 - Level 2.7 Fighting
 - Level 0.8 Short Blades
 + Level 8.2 Ranged Weapons
 - Level 3.5 Dodging
 - Level 3.0 Stealth
 - Level 1.7 Spellcasting
 - Level 2.6 Hexes


You had 8 spell levels left.
You knew the following spells:

 Your Spells              Type           Power      Damage    Failure   Level
a - Ensorcelled Hibernat  Hex/Ice        12%        N/A       17%         2

Your spell library contained the following spells:

 Spells                   Type           Power      Damage    Failure   Level
 Apportation              Tloc           2%         N/A       21%         1
 Beastly Appendage        Tmut           2%         N/A       21%         1
 Necrotise                Necr           4%         1d4       21%         1
 Summon Small Mammal      Summ           4%         N/A       21%         1
 Confusing Touch          Hex            10%        N/A       21%         3
 Tukima's Dance           Hex            10%        N/A       21%         3
 Wereblood                Tmut           1%         N/A       30%         2
 Dazzling Flash           Conj/Hex       12%        N/A       34%         3
 Hailstorm                Conj/Ice       1%         3d3       52%         3
 Spider Form              Tmut/Pois      1%         N/A       52%         3
 Ice Form                 Ice/Tmut       1%         N/A       89%         4
 Simulacrum               Ice/Necr       0%         N/A       100%        6
 Ozocubu's Refrigeration  Ice            0%         4d7       100%        7
 Polar Vortex             Ice            0%         N/A       100%        9


Dungeon Overview and Level Annotations

Branches:
Dungeon (6/15)
 Temple: D:4-7

Shops:
D:4 [*   D:6 ?

Annotations:
D:3 Grinder, Ijyb
D:5 Pikel


Innate Abilities, Weirdness & Mutations

You are a tree.
Your roots penetrate the ground, keeping you stationary.
You cannot be teleported.
You are immune to unholy pain and torment.
Your maximum health is greatly increased.
Your equipment is partially melded.
You have an increased reservoir of magic. (+10% MP)
You shall have no god before yourself.
Your divine heritage dramatically boosts your attributes as you level up.


Message History

Pikel is severely wounded.
Pikel hits you with a +1 whip of flaming!
Pikel burns you!
Pikel hits you with a +1 whip of flaming.
Pikel burns you.
You closely miss Pikel.
Pikel is severely wounded.
Pikel hits you but does no damage.
You barely miss Pikel.
Pikel is severely wounded.
Pikel completely misses you.
You miss Pikel.
Pikel is severely wounded.
Pikel hits you with a +1 whip of flaming.
Pikel burns you. Pikel barely misses you.
You closely miss Pikel.
Pikel is severely wounded.
Pikel hits you but does no damage.
You closely miss Pikel.
Pikel is severely wounded.
Pikel hits you but does no damage.
You sock Pikel!
Pikel suddenly seems more resistant.
Pikel is severely wounded.
Pikel hits you but does no damage.
You hit Pikel.
Pikel is almost dead.
Pikel hits you with a +1 whip of flaming.
Pikel burns you.
Pikel hits you with a +1 whip of flaming!
* * * LOW HITPOINT WARNING * * *
Pikel burns you!
* * * LOW HITPOINT WARNING * * *
Unknown command.
Unknown command.
You barely miss Pikel.
Pikel is almost dead.
Pikel hits you with a +1 whip of flaming!
* * * LOW HITPOINT WARNING * * *
Pikel burns you.
You die...

....##### ##..........##....#.##
....##..# ###..........##........
........###.#...#......##........
.....##...#.....##.............#.
.....##......#####<#.............
....####....###.##.#........#....
#...###.....#...............##...
.....##......................#...
....###....##...♣K...............
#..## ##............[............
#### #...............#..#......
#............#..#####.....
###...............##.#..#.##
####......#...........#....###
#.......##...........##..###
#......###......###..#..###
#...#####............##...##


You could see Pikel (strong, resistant).

Vanquished Creatures
  A shadow (D:6)
  Sigmund (D:4)
  2 black bears
  2 ogres (D:4)
  A lemure (D:6)
  A bullfrog (D:6)
  A scorpion (D:5)
  2 hounds (D:5)
  Crazy Yiuf (D:3)
  3 jellies (D:5)
  4 iguanas
  A sleepcap (D:6)
  4 orc wizards
  Robin (D:3)
  A gnoll (D:3)
  5 adders
  A white imp (D:3)
  A worm (D:4)
  2 dart slugs (D:2)
  9 orcs
  7 ball pythons
  2 endoplasms (D:2)
  2 giant cockroaches
  15 goblins
  10 hobgoblins
  8 jackals
  6 kobolds
  5 quokkas
  4 bats
  4 frilled lizards
  3 rats
110 creatures vanquished.

Vanquished Creatures (collateral kills)
  A white imp (D:4)
1 creature vanquished.

Vanquished Creatures (others)
  An adder zombie (D:4)
1 creature vanquished.

Grand Total: 112 creatures vanquished

Notes
Turn   | Place    | Note
-------+----------+-------------------------------------------
     0 | D:1      | Daunt the Demigod Enchanter began the quest for the Orb.
     0 | D:1      | Reached XP level 1. HP: 14/14 MP: 5/5
   906 | D:2      | Reached XP level 2. HP: 22/22 MP: 7/7
   909 | D:2      | Learned a level 2 spell: Ensorcelled Hibernation
  1177 | D:2      | Reached skill level 1 in Fighting
  1317 | D:2      | Reached XP level 3. HP: 25/28 MP: 8/8
  2011 | D:3      | Noticed Grinder
  2245 | D:3      | Noticed Robin
  2256 | D:3      | Killed Robin
  2257 | D:3      | Reached XP level 4. HP: 27/36 MP: 3/9
  2402 | D:3      | Got Sif Muna's Incunable of Convocation
  2767 | D:3      | Noticed Ijyb
  3025 | D:3      | Found a runed translucent door.
  3026 | D:3      | Noticed Crazy Yiuf
  3035 | D:3      | Killed Crazy Yiuf
  3041 | D:3      | HP: 2/55 [poisoned by Crazy Yiuf]
  3407 | D:4      | Noticed an ogre
  3413 | D:4      | Noticed an ogre
  3475 | D:4      | Reached XP level 5. HP: 12/42 MP: 10/10
  3681 | D:4      | Found Zyagyp's Antique Armour Emporium.
  3717 | D:4      | Reached skill level 1 in Ranged Weapons
  3758 | D:4      | Noticed Sigmund
  3769 | D:4      | Killed Sigmund
  3770 | D:4      | Reached skill level 3 in Ranged Weapons
  3770 | D:4      | Reached XP level 6. HP: 33/50 MP: 11/11
  3899 | D:4      | Reached skill level 4 in Ranged Weapons
  4079 | D:4      | Bought a pair of runed boots for 180 gold pieces
  4115 | D:4      | Found Ischaras's Overcharged Wands.
  4438 | D:5      | Entered Level 5 of the Dungeon
  4472 | D:5      | Reached skill level 5 in Ranged Weapons
  4502 | D:5      | Reached XP level 7. HP: 52/56 MP: 12/12
  4591 | D:5      | Reached skill level 6 in Ranged Weapons
  5036 | D:6      | Reached skill level 7 in Ranged Weapons
  5249 | D:6      | Found Jympeefa's Magic Scroll Emporium.
  5257 | D:6      | Bought a scroll of teleportation for 42 gold pieces
  5318 | D:6      | Noticed a shadow
  5333 | D:6      | Killed a shadow
  5334 | D:6      | Reached XP level 8. HP: 47/62 MP: 9/13
  5497 | D:6      | Reached skill level 8 in Ranged Weapons
  5700 | D:6      | Noticed Pikel
  5742 | D:5      | HP: 1/93 [Pikel/+1 whip of flaming (10)]
  5742 | D:5      | Slain by Pikel

Illustrated notes

Levels and vault maps discovered:
D:1:      dpeg_arrival_rooms_with_view, layout_loops_corners,
          nicolae_eternal_life
D:2:      layout_rooms, serial_aquarium, aquarium_bridge_long_joined
          [aquarium_subvault_bridge, aquarium_subvault_bridge,
          aquarium_subvault_window, aquarium_subvault_wall,
          aquarium_subvault_wall, aquarium_subvault_bridge],
          aquarium_window_corridor_2, aquarium_window_1, aquarium_window_1,
          aquarium_view_2c, aquarium_view_2c, nicolae_elevator_lobby_plus
D:3:      layout_loops_corners, nzn_overflow_gifts_of_might_and_magic,
          fedhas_altar_fruit_tree, mainiacjoe_overflow_paths,
          minmay_curled_crystal, uniq_ijyb, uniq_grinder, uniq_robin,
          uniq_crazy_yiuf_cottage
D:4:      nicolae_cairo_tiling_very_big, layout_loops_cross,
          chequers_temple_overflow_statue_of_worship, okawaru_ov_weapons_minmay,
          serial_park_tiny_2, st_stairs_7, nicolae_stop_n_shop_1,
          nicolae_shop_overcharged_wands, uniq_sigmund
D:5:      layout_cave_pools, nzn_wu_jian_contemplation, general_overflow_altar,
          kiku_gazebo_pond_becter, kennysheep_mini, minmay_fountain_box
D:6:      layout_basic, serial_shops, nicolae_shop_getting_attention, uniq_pikel

Skill      XL: |  1  2  3  4  5  6  7  8 |
---------------+-------------------------+-----
Dodging        | 2 3 |  3.5
Stealth        | 3 |  3.0
Fighting       | 1 2 |  2.7
Ranged Weapons | 3 5 7 8 |  8.2
Short Blades   | |  0.8
Spellcasting   | |  1.7
Hexes          | |  2.6

Action                     |  1- 3 |  4- 6 |  7- 9 || total
---------------------------+-------+-------+-------++-------
  Melee: Dagger            |   201 |    64 |       ||   265
         Punch             |     1 |       |       ||     1
         Quarterstaff      |       |    75 |   114 ||   189
   Fire: Sling             |       |    37 |    68 ||   105
  Throw: Stone             |     3 |       |       ||     3
   Cast: Ensorcelled Hiber |     4 |     5 |       ||     9
    Use: Potion            |     1 |     2 |     1 ||     4
   Stab: Sleeping          |    12 |     4 |       ||    16
         Invisible         |     1 |     3 |       ||     4
         Distracted        |     1 |     2 |       ||     3
 Armour: Robe              |    35 |    15 |       ||    50
         Ring mail         |       |    39 |    58 ||    97
         Skin              |       |       |     5 ||     5
  Dodge: Dodged            |   137 |    91 |    49 ||   277
